Hurricanes vs Coyotes

Created - May 6, 2023 at 21:21

Goals
1 2 3 OT1 T
Hurricanes 2 0 0 1 3
Coyotes 1 1 0 0 2
Shots
1 2 3 OT1 T
Hurricanes 8 3 5 4 20
Coyotes 11 8 9 1 29

GoalsPenalties
1st period
1. Hurricanes , Casey Mittelstadt 15 (Mattias Janmark 16, Mason Appleton 15) at 6:38
2. Coyotes , Ilya Mikheyev 18 (Charlie McAvoy 60, David Krejci 11) at 16:56
3. Hurricanes , Casey Mittelstadt 16 (Mason Appleton 16, Mattias Janmark 17) at 18:44 (PP)
Cody Ceci (ARI) for Hooking (Minor) at 9:36
Sean Durzi (ARI) for Tripping (Minor) at 18:20
2nd period
4. Coyotes , Kevin Hayes 9 (Kirill Kaprizov 15, Charlie McAvoy 61) at 13:40
Warren Foegele (CAR) for Interference (Minor) at 16:23
3rd period
No Goal
Ilya Mikheyev (ARI) for Hooking (Minor) at 11:21
Nico Sturm (ARI) for Hooking (Minor) at 16:52
Overtime #1
5. Hurricanes , Jack Hughes 26 (Anthony Beauvillier 22) at 1:28
No Penalty
Goalie Stats
Aaron Dell (CAR), 27 saves from 29 shots - (0.931), W, 3-4-1, 61:29 minutes
Jake Allen (ARI), 17 saves from 20 shots - (0.850), OTL, 15-15-5, 61:29 minutes
3 StarsOfficial
1 - Casey Mittelstadt (CAR)
2 - Mattias Janmark (CAR)
3 - Mason Appleton (CAR)
Referees : Justin St. Pierre and Kelly Sutherland
Linesman : Ken Bonham and David Brisebois
Game Note
No Game Note
Finance
Level 1 -- Attendance: 3379 (56.32%) -- Ticket Income $743,380
Level 2 -- Attendance: 3051 (61.02%) -- Ticket Income $488,160
Level 3 -- Attendance: 2189 (54.73%) -- Ticket Income $295,515
Level 4 -- Attendance: 1406 (46.87%) -- Ticket Income $154,660
Luxury Box -- Attendance: 620 (62.00%) -- Ticket Income $186,000
Game was played at the Mullett Arena.
Total Attendance: 10645 (56.03%)
Total Ticket Income: $1,867,715
Total Income: $1,867,715



Team Name Goals Shots Shots Attemp Shots Blocked PIM HIT PP PK FO%
Hurricanes 3203572241 / 4 (25%)038%
Coyotes 2296438150 / 1 (0%)162%

Hurricanes
Player Name POS G A P +/- PIM HIT SHT SB MP PP MP PP SHT PK MP PK SHT FO% FOT
Alexander BarabanovLW/RW000-1013020:433:2010:00033% 3
Anthony BeauvillierC/LW0110010022:013:2000:59050% 2
Casey MittelstadtC/LW2020015017:463:0111:00039% 18
Donovan SebrangoD0000020016:300:4100:0000% 0
Gabriel CarlssonD000-1010019:122:2101:0800% 0
Gerald MayhewC/RW000000009:220:0000:00014% 7
Jack HughesC/LW1010002022:503:2011:26037% 30
Jacob BrysonD0000011423:553:1910:5100% 0
Jared McIsaacD0000060116:300:4100:0000% 0
Kaapo KakkoRW0000002012:470:0000:0000% 0
Kaedan KorczakD000-1020019:122:2101:0800% 0
Mason AppletonC/RW0220021016:123:0100:0000% 2
Mattias JanmarkC/LW0220023017:193:0100:33067% 3
Mattias SamuelssonD0001032224:453:1910:5100% 0
Owen TippettLW/RW000000109:220:0000:0000% 1
Philipp KurashevC000000009:220:0000:0000% 0
Quinton ByfieldC0000010012:200:0000:00060% 10
Warren FoegeleLW/RW0000210012:190:0000:0000% 0
Coyotes
Player Name POS G A P +/- PIM HIT SHT SB MP PP MP PP SHT PK MP PK SHT FO% FOT
Barclay GoodrowC/LW0001010014:270:0001:120100% 2
Blake ColemanC/LW/RW0000010013:310:0000:0000% 2
Brett PesceD0000010116:130:0003:4900% 0
Charlie McAvoyD0220023125:101:1113:5300% 0
Cody CeciD0001200023:121:1102:1700% 0
David KrejciC0111002014:250:0001:10050% 10
Hampus LindholmD0000031022:580:4802:0500% 0
Ilya MikheyevLW/RW1011215017:321:0803:1000% 3
Jesper FastRW000001006:270:0000:000100% 1
Kevin HayesC/LW/RW1010004018:381:0803:59071% 24
Kirill KaprizovLW/RW011-1014017:031:0801:2910% 2
Leon DraisaitlC/LW/RW000-1002020:130:5100:00075% 4
Nico SturmC000020006:260:0000:00075% 8
Nikita KucherovRW0000005119:520:5100:000100% 1
Oliver Ekman-LarssonD0000010020:100:0000:0500% 0
Oskar SundqvistLW/RW000000106:570:0000:3000% 0
Pierre-Luc DuboisC/LW0000022021:040:5101:12063% 19
Sean DurziD0000210013:440:4800:3300% 0

Hurricanes

5 vs 5 Forward
Line #Left WingCenterRight WingPHYDFOFWanted %Time %Time Play
1Anthony BeauvillierJack HughesAlexander Barabanov1224032%16:47
2Mattias JanmarkCasey MittelstadtMason Appleton1223026%13:11
3Warren FoegeleQuinton ByfieldKaapo Kakko1222024%12:20
4Owen TippettGerald MayhewPhilipp Kurashev1221018%9:22
5 vs 5 Defense
Line #DefenseDefensePHYDFOFWanted %Time %Time Play
1Mattias SamuelssonJacob Bryson1224034%17:23
2Gabriel CarlssonKaedan Korczak1223030%15:43
3Jared McIsaacDonovan Sebrango1222031%15:49
4Mattias SamuelssonJacob Bryson122105%2:45
Power Play Forward
Line #Left WingCenterRight WingPHYDFOFWanted %Time %Time Play
1Anthony BeauvillierJack HughesAlexander Barabanov1226052%3:20
2Mattias JanmarkCasey MittelstadtMason Appleton1224048%3:01
Power Play Defense
Line #DefenseDefensePHYDFOFWanted %Time %Time Play
1Mattias SamuelssonJacob Bryson1226063%4:00
2Gabriel CarlssonKaedan Korczak1224037%2:21
Penalty Kill 4 Players Forward
Line #CenterWingPHYDFOFWanted %Time %Time Play
1Jack HughesAnthony Beauvillier1226088%1:45
2Casey MittelstadtMattias Janmark1224012%0:14
Penalty Kill 4 Players Defense
Line #DefenseDefensePHYDFOFWanted %Time %Time Play
1Mattias SamuelssonJacob Bryson1226043%0:51
2Gabriel CarlssonKaedan Korczak1224057%1:08
Penalty Kill 3 Players
Line #WingPHYDFOFWanted %Time %Time PlayDefenseDefensePHYDFOFWanted %Time %Time Play
1Jack Hughes122600%0:00 Mattias SamuelssonJacob Bryson122600%0:00
2Anthony Beauvillier122400%0:00 Gabriel CarlssonKaedan Korczak122400%0:00
4 vs 4 Forward
Line #CenterWingPHYDFOFWanted %Time %Time Play
1Jack HughesAnthony Beauvillier122600%0:00
2Casey MittelstadtMattias Janmark122400%0:00
4 vs 4 Defense
Line #DefensePHYDFOFWanted %Time %Time Play
1Mattias SamuelssonJacob Bryson122600%0:00
2Gabriel CarlssonKaedan Korczak122400%0:00
Last Minutes Offensive
Left WingCenterRight WingDefenseDefense
Anthony BeauvillierJack HughesAlexander BarabanovMattias SamuelssonJacob Bryson
Last Minutes Defensive
Left WingCenterRight WingDefenseDefense
Anthony BeauvillierJack HughesAlexander BarabanovMattias SamuelssonJacob Bryson
Time
Total ForwardTotal DefenseLast Minutes OffensiveLast Minutes Defensive
60:00 60:00 0:000:00
Extra Forwards
Normal PowerPlayPenalty Kill
Jack Hughes, Kaapo Kakko, Warren FoegeleAnthony Beauvillier, Kaapo KakkoWarren Foegele
Extra Defensemen
Normal PowerPlayPenalty Kill
Jared McIsaac, Donovan Sebrango, Jacob BrysonJared McIsaac, Donovan SebrangoMattias Samuelsson
Penalty Shots
Jack Hughes, Anthony Beauvillier, Casey Mittelstadt, Mattias Janmark, Alexander Barabanov
Goalie
Aaron Dell, Elvis Merzlikins
Custom OT Lines Forwards
Jack Hughes, Anthony Beauvillier, Casey Mittelstadt, Mattias Janmark, Alexander Barabanov, Mason Appleton, Kaapo Kakko, Warren Foegele, Owen Tippett, Quinton Byfield
Custom OT Lines Defensemen
Mattias Samuelsson, Jacob Bryson, Gabriel Carlsson, Kaedan Korczak, Jared McIsaac
Scratches
Ty Emberson (Groin Injury), William Eklund (Healthy), Matt Murray (Healthy)

Coyotes

5 vs 5 Forward
Line #Left WingCenterRight WingPHYDFOFWanted %Time %Time Play
1Leon DraisaitlPierre-Luc DuboisNikita Kucherov1224036%18:27
2Blake ColemanKevin HayesKirill Kaprizov1223026%13:31
3Barclay GoodrowDavid KrejciIlya Mikheyev1222526%13:15
4Oskar SundqvistNico SturmJesper Fast122512%6:27
5 vs 5 Defense
Line #DefenseDefensePHYDFOFWanted %Time %Time Play
1Charlie McAvoyCody Ceci1224537%19:11
2Hampus LindholmOliver Ekman-Larsson1224039%20:05
3Brett PesceSean Durzi1221524%12:24
4Charlie McAvoyCody Ceci04100%0:00
Power Play Forward
Line #Left WingCenterRight WingPHYDFOFWanted %Time %Time Play
1Leon DraisaitlPierre-Luc DuboisNikita Kucherov1226043%0:51
2Kirill KaprizovKevin HayesIlya Mikheyev1224057%1:08
Power Play Defense
Line #DefenseDefensePHYDFOFWanted %Time %Time Play
1Charlie McAvoyCody Ceci1226060%1:11
2Sean DurziHampus Lindholm1134040%0:48
Penalty Kill 4 Players Forward
Line #CenterWingPHYDFOFWanted %Time %Time Play
1Kevin HayesIlya Mikheyev1316081%5:09
2Pierre-Luc DuboisBarclay Goodrow1314019%1:12
Penalty Kill 4 Players Defense
Line #DefenseDefensePHYDFOFWanted %Time %Time Play
1Charlie McAvoyCody Ceci1316067%4:16
2Brett PesceHampus Lindholm1314033%2:05
Penalty Kill 3 Players
Line #WingPHYDFOFWanted %Time %Time PlayDefenseDefensePHYDFOFWanted %Time %Time Play
1Kevin Hayes131600%0:00 Charlie McAvoyOliver Ekman-Larsson131600%0:00
2Leon Draisaitl131400%0:00 Cody CeciHampus Lindholm131400%0:00
4 vs 4 Forward
Line #CenterWingPHYDFOFWanted %Time %Time Play
1Leon DraisaitlNikita Kucherov122600%0:00
2David KrejciKirill Kaprizov122400%0:00
4 vs 4 Defense
Line #DefensePHYDFOFWanted %Time %Time Play
1Charlie McAvoyCody Ceci122600%0:00
2Brett PesceHampus Lindholm122400%0:00
Last Minutes Offensive
Left WingCenterRight WingDefenseDefense
Kirill KaprizovLeon DraisaitlNikita KucherovCharlie McAvoyHampus Lindholm
Last Minutes Defensive
Left WingCenterRight WingDefenseDefense
Kevin HayesLeon DraisaitlIlya MikheyevCharlie McAvoyHampus Lindholm
Time
Total ForwardTotal DefenseLast Minutes OffensiveLast Minutes Defensive
60:00 60:00 0:000:00
Extra Forwards
Normal PowerPlayPenalty Kill
Leon Draisaitl, Pierre-Luc Dubois, Kirill KaprizovLeon Draisaitl, Pierre-Luc DuboisKevin Hayes
Extra Defensemen
Normal PowerPlayPenalty Kill
Charlie McAvoy, Hampus Lindholm, Brett PesceCharlie McAvoy, Charlie McAvoyCody Ceci
Penalty Shots
Kirill Kaprizov, David Krejci, Leon Draisaitl, Nikita Kucherov, Blake Coleman
Goalie
Jake Allen, Erik Kallgren
Custom OT Lines Forwards
Leon Draisaitl, Kirill Kaprizov, Nikita Kucherov, Pierre-Luc Dubois, Blake Coleman, Kevin Hayes, Barclay Goodrow, Ilya Mikheyev, David Krejci, Nico Sturm
Custom OT Lines Defensemen
Charlie McAvoy, Cody Ceci, Brett Pesce, Hampus Lindholm, Oliver Ekman-Larsson
Scratches
Christian Fischer (Healthy), Ethan Bear (Healthy), Slater Koekkoek (Healthy), Kaapo Kahkonen (Sprained Left Finger Injury), Antti Raanta (Healthy)


Play-by-Play

1st period


0:01 of 1st period - Pierre-Luc Dubois wins face-off versus Jack Hughes in neutral zone.
0:45 of 1st period - Off-side.
0:46 of 1st period - Kevin Hayes wins face-off versus Casey Mittelstadt in neutral zone.
1:51 of 1st period - Shot by Barclay Goodrow.
1:51 of 1st period - Shot Misses the Net.
2:01 of 1st period - Shot by Ilya Mikheyev.
2:01 of 1st period - Stopped by Aaron Dell without a rebound.
2:02 of 1st period - Nico Sturm wins face-off versus Gerald Mayhew in Hurricanes zone.
2:03 of 1st period - Shot by Charlie McAvoy.
2:03 of 1st period - Stopped by Aaron Dell without a rebound.
2:04 of 1st period - Jesper Fast wins face-off versus Gerald Mayhew in Hurricanes zone.
2:14 of 1st period - Off-side.
2:15 of 1st period - Anthony Beauvillier wins face-off versus Pierre-Luc Dubois in neutral zone.
2:29 of 1st period - Leon Draisaitl is hit by Jared McIsaac and loses puck.
2:44 of 1st period - Shot by Pierre-Luc Dubois.
2:44 of 1st period - Deflect By Nikita Kucherov.
2:44 of 1st period - Stopped by Aaron Dell without a rebound.
2:45 of 1st period - Quinton Byfield wins face-off versus David Krejci in Hurricanes zone.
3:01 of 1st period - Icing by Quinton Byfield.
3:02 of 1st period - Quinton Byfield wins face-off versus Blake Coleman in Hurricanes zone.
4:52 of 1st period - Jack Hughes is hit by Hampus Lindholm and loses puck.
5:01 of 1st period - Shot by David Krejci.
5:01 of 1st period - Stopped by Aaron Dell without a rebound.
5:02 of 1st period - Casey Mittelstadt wins face-off versus Nico Sturm in Hurricanes zone.
5:29 of 1st period - Shot by Mason Appleton.
5:29 of 1st period - Deflect By Mattias Janmark.
5:29 of 1st period - Stopped by Jake Allen without a rebound.
5:30 of 1st period - David Krejci wins face-off versus Jack Hughes in Coyotes zone.
5:37 of 1st period - Shot by Ilya Mikheyev.
5:37 of 1st period - Stopped by Aaron Dell with a rebound.
5:40 of 1st period - Icing by Kaedan Korczak.
5:41 of 1st period - Jack Hughes wins face-off versus Blake Coleman in Hurricanes zone.
5:41 of 1st period - Jack Hughes is hit by Kirill Kaprizov.
6:08 of 1st period - Shot by Jack Hughes.
6:08 of 1st period - Shot Blocked by Charlie McAvoy.
6:10 of 1st period - Shot by Anthony Beauvillier.
6:10 of 1st period - Shot Misses the Net.
6:36 of 1st period - Shot by Mattias Janmark.
6:36 of 1st period - Shot Misses the Net.
6:38 of 1st period - Shot by Casey Mittelstadt.
6:38 of 1st period - Goal by Casey Mittelstadt - Hurricanes : 1 - Coyotes : 0.
6:39 of 1st period - Gerald Mayhew wins face-off versus Pierre-Luc Dubois in neutral zone.
6:49 of 1st period - Shot by Owen Tippett.
6:49 of 1st period - Stopped by Jake Allen with a rebound.
7:01 of 1st period - Shot by Leon Draisaitl.
7:01 of 1st period - Stopped by Aaron Dell without a rebound.
7:02 of 1st period - Casey Mittelstadt wins face-off versus David Krejci in Hurricanes zone.
7:27 of 1st period - Shot by Casey Mittelstadt.
7:27 of 1st period - Stopped by Jake Allen without a rebound.
7:28 of 1st period - Jack Hughes wins face-off versus Pierre-Luc Dubois in Coyotes zone.
7:28 of 1st period - Jack Hughes is hit by Oliver Ekman-Larsson.
9:16 of 1st period - Casey Mittelstadt is hit by Ilya Mikheyev and loses puck.
9:24 of 1st period - Casey Mittelstadt is hit by Charlie McAvoy and loses puck.
9:36 of 1st period - Minor Penalty to Cody Ceci for Hooking.
9:37 of 1st period - Kevin Hayes wins face-off versus Jack Hughes in Coyotes zone.
9:54 of 1st period - Shot by Jack Hughes.
9:54 of 1st period - Stopped by Jake Allen without a rebound.
9:55 of 1st period - Kevin Hayes wins face-off versus Jack Hughes in Coyotes zone.
10:30 of 1st period - Shot by Kevin Hayes.
10:30 of 1st period - Shot Blocked by Jacob Bryson.
10:32 of 1st period - Shot by Brett Pesce.
10:32 of 1st period - Shot Misses the Net.
10:38 of 1st period - Shot by Kevin Hayes.
10:38 of 1st period - Deflect By Kirill Kaprizov.
10:38 of 1st period - Shot Misses the Net.
10:40 of 1st period - Shot by Kirill Kaprizov.
10:40 of 1st period - Stopped by Aaron Dell without a rebound.
10:41 of 1st period - Barclay Goodrow wins face-off versus Casey Mittelstadt in Hurricanes zone.
11:17 of 1st period - Brett Pesce is hit by Mason Appleton and loses puck.
11:47 of 1st period - Shot by Kaapo Kakko.
11:47 of 1st period - Stopped by Jake Allen without a rebound.
11:48 of 1st period - Kevin Hayes wins face-off versus Owen Tippett in Coyotes zone.
11:52 of 1st period - Kirill Kaprizov is hit by Jared McIsaac and loses puck.
12:00 of 1st period - Off-side.
12:01 of 1st period - Quinton Byfield wins face-off versus Pierre-Luc Dubois in neutral zone.
12:03 of 1st period - Mattias Samuelsson is hit by Hampus Lindholm and loses puck.
13:01 of 1st period - Icing by Oliver Ekman-Larsson.
13:02 of 1st period - Pierre-Luc Dubois wins face-off versus Casey Mittelstadt in Coyotes zone.
13:06 of 1st period - Leon Draisaitl is hit by Mattias Janmark and loses puck.
13:10 of 1st period - Hampus Lindholm is hit by Mattias Janmark and loses puck.
13:36 of 1st period - Shot by Casey Mittelstadt.
13:36 of 1st period - Stopped by Jake Allen without a rebound.
13:37 of 1st period - Jack Hughes wins face-off versus Ilya Mikheyev in Coyotes zone.
13:48 of 1st period - Shot by David Krejci.
13:48 of 1st period - Stopped by Aaron Dell with a rebound.
14:41 of 1st period - Shot by Kevin Hayes.
14:41 of 1st period - Shot Blocked by Jacob Bryson.
15:03 of 1st period - Shot by Kirill Kaprizov.
15:03 of 1st period - Shot Misses the Net.
16:33 of 1st period - Shot by Pierre-Luc Dubois.
16:33 of 1st period - Stopped by Aaron Dell without a rebound.
16:34 of 1st period - Barclay Goodrow wins face-off versus Jack Hughes in Hurricanes zone.
16:56 of 1st period - Shot by Ilya Mikheyev.
16:56 of 1st period - Goal by Ilya Mikheyev - Hurricanes : 1 - Coyotes : 1.
16:57 of 1st period - Mattias Janmark wins face-off versus Kevin Hayes in neutral zone.
17:09 of 1st period - Icing by Hampus Lindholm.
17:10 of 1st period - Kevin Hayes wins face-off versus Alexander Barabanov in Coyotes zone.
17:17 of 1st period - Shot by Kevin Hayes.
17:17 of 1st period - Stopped by Aaron Dell with a rebound.
18:12 of 1st period - Icing by Jared McIsaac.
18:13 of 1st period - Casey Mittelstadt wins face-off versus David Krejci in Hurricanes zone.
18:13 of 1st period - Casey Mittelstadt is hit by Barclay Goodrow.
18:20 of 1st period - Minor Penalty to Sean Durzi for Tripping.
18:21 of 1st period - Kevin Hayes wins face-off versus Mason Appleton in Coyotes zone.
18:44 of 1st period - Shot by Casey Mittelstadt.
18:44 of 1st period - Goal by Casey Mittelstadt - Hurricanes : 2 - Coyotes : 1.
18:45 of 1st period - Leon Draisaitl wins face-off versus Gerald Mayhew in neutral zone.
18:53 of 1st period - Nikita Kucherov is hit by Donovan Sebrango and loses puck.
Goals for this period are 2 for Hurricanes vs 1 for Coyotes.
Shots for this period are 8 for Hurricanes vs 11 for Coyotes.

2nd period


0:01 of 2nd period - Jack Hughes wins face-off versus Kevin Hayes in neutral zone.
0:12 of 2nd period - Cody Ceci is hit by Alexander Barabanov and loses puck.
0:31 of 2nd period - Off-side.
0:32 of 2nd period - Casey Mittelstadt wins face-off versus David Krejci in neutral zone.
1:17 of 2nd period - Off-side.
1:18 of 2nd period - Kevin Hayes wins face-off versus Jack Hughes in neutral zone.
2:23 of 2nd period - Gerald Mayhew is hit by Pierre-Luc Dubois and loses puck.
2:35 of 2nd period - Owen Tippett is hit by Sean Durzi and loses puck.
3:03 of 2nd period - Kaapo Kakko is hit by Brett Pesce and loses puck.
4:00 of 2nd period - Hampus Lindholm is hit by Casey Mittelstadt and loses puck.
4:14 of 2nd period - Icing by Anthony Beauvillier.
4:15 of 2nd period - Alexander Barabanov wins face-off versus Nico Sturm in Hurricanes zone.
4:37 of 2nd period - Jesper Fast is hit by Jared McIsaac and loses puck.
4:55 of 2nd period - Jared McIsaac is hit by Jesper Fast and loses puck.
5:54 of 2nd period - Shot by Ilya Mikheyev.
5:54 of 2nd period - Stopped by Aaron Dell without a rebound.
5:55 of 2nd period - Pierre-Luc Dubois wins face-off versus Casey Mittelstadt in Hurricanes zone.
6:02 of 2nd period - Shot by Nikita Kucherov.
6:02 of 2nd period - Shot Blocked by Mattias Samuelsson.
6:04 of 2nd period - Shot by Cody Ceci.
6:04 of 2nd period - Shot Misses the Net.
6:06 of 2nd period - Shot by Leon Draisaitl.
6:06 of 2nd period - Shot Blocked by Jacob Bryson.
7:38 of 2nd period - Shot by Blake Coleman.
7:38 of 2nd period - Shot Misses the Net.
7:40 of 2nd period - Shot by Kevin Hayes.
7:40 of 2nd period - Stopped by Aaron Dell without a rebound.
7:41 of 2nd period - Nico Sturm wins face-off versus Quinton Byfield in Hurricanes zone.
8:12 of 2nd period - Shot by Kaapo Kakko.
8:12 of 2nd period - Stopped by Jake Allen without a rebound.
8:13 of 2nd period - Pierre-Luc Dubois wins face-off versus Gerald Mayhew in Coyotes zone.
8:42 of 2nd period - Shot by Gerald Mayhew.
8:42 of 2nd period - Shot Misses the Net.
9:02 of 2nd period - Alexander Barabanov is hit by Pierre-Luc Dubois and loses puck.
9:39 of 2nd period - Shot by Kirill Kaprizov.
9:39 of 2nd period - Shot Misses the Net.
9:41 of 2nd period - Shot by Kevin Hayes.
9:41 of 2nd period - Stopped by Aaron Dell without a rebound.
9:42 of 2nd period - Kevin Hayes wins face-off versus Gerald Mayhew in Hurricanes zone.
9:42 of 2nd period - Kirill Kaprizov is hit by Mattias Samuelsson and loses puck.
10:05 of 2nd period - Kevin Hayes is hit by Jacob Bryson and loses puck.
10:08 of 2nd period - Shot by Kevin Hayes.
10:08 of 2nd period - Shot Misses the Net.
10:10 of 2nd period - Shot by Blake Coleman.
10:10 of 2nd period - Shot Misses the Net.
10:40 of 2nd period - Sean Durzi is hit by Mattias Samuelsson and loses puck.
10:48 of 2nd period - Barclay Goodrow is hit by Mattias Samuelsson and loses puck.
11:03 of 2nd period - Shot by Barclay Goodrow.
11:03 of 2nd period - Shot Misses the Net.
11:09 of 2nd period - Shot by David Krejci.
11:09 of 2nd period - Shot Misses the Net.
11:36 of 2nd period - Shot by Oskar Sundqvist.
11:36 of 2nd period - Stopped by Aaron Dell without a rebound.
11:37 of 2nd period - Pierre-Luc Dubois wins face-off versus Jack Hughes in Hurricanes zone.
11:37 of 2nd period - Pierre-Luc Dubois is hit by Kaedan Korczak.
11:44 of 2nd period - Nikita Kucherov is hit by Kaedan Korczak and loses puck.
12:25 of 2nd period - Oliver Ekman-Larsson is hit by Gabriel Carlsson and loses puck.
12:51 of 2nd period - Off-side.
12:52 of 2nd period - Quinton Byfield wins face-off versus Kevin Hayes in neutral zone.
13:04 of 2nd period - Off-side.
13:05 of 2nd period - Casey Mittelstadt wins face-off versus David Krejci in neutral zone.
13:12 of 2nd period - Shot by Mattias Janmark.
13:12 of 2nd period - Stopped by Jake Allen without a rebound.
13:13 of 2nd period - Casey Mittelstadt wins face-off versus Kirill Kaprizov in Coyotes zone.
13:20 of 2nd period - Mattias Janmark is hit by Blake Coleman and loses puck.
13:40 of 2nd period - Shot by Kevin Hayes.
13:40 of 2nd period - Goal by Kevin Hayes - Hurricanes : 2 - Coyotes : 2.
13:41 of 2nd period - David Krejci wins face-off versus Jack Hughes in neutral zone.
13:41 of 2nd period - David Krejci is hit by Anthony Beauvillier.
13:46 of 2nd period - Off-side.
13:47 of 2nd period - Jack Hughes wins face-off versus Ilya Mikheyev in neutral zone.
13:52 of 2nd period - Shot by Alexander Barabanov.
13:52 of 2nd period - Stopped by Jake Allen with a rebound.
14:21 of 2nd period - Icing by Gabriel Carlsson.
14:22 of 2nd period - Pierre-Luc Dubois wins face-off versus Jack Hughes in Hurricanes zone.
14:33 of 2nd period - Icing by Jack Hughes.
14:34 of 2nd period - Kevin Hayes wins face-off versus Jack Hughes in Hurricanes zone.
14:54 of 2nd period - Icing by Blake Coleman.
14:55 of 2nd period - Kevin Hayes wins face-off versus Casey Mittelstadt in Coyotes zone.
14:55 of 2nd period - Charlie McAvoy is hit by Mason Appleton.
15:09 of 2nd period - Shot by Casey Mittelstadt.
15:09 of 2nd period - Shot Misses the Net.
15:23 of 2nd period - Icing by Mattias Janmark.
15:24 of 2nd period - Pierre-Luc Dubois wins face-off versus Casey Mittelstadt in Hurricanes zone.
15:25 of 2nd period - Shot by Nikita Kucherov.
15:25 of 2nd period - Stopped by Aaron Dell with a rebound.
15:34 of 2nd period - Jacob Bryson is hit by Hampus Lindholm and loses puck.
16:17 of 2nd period - Barclay Goodrow is hit by Quinton Byfield and loses puck.
16:23 of 2nd period - Minor Penalty to Warren Foegele for Interference.
16:24 of 2nd period - Jack Hughes wins face-off versus Kevin Hayes in Hurricanes zone.
17:41 of 2nd period - Shot by Mattias Janmark.
17:41 of 2nd period - Shot Blocked by Nikita Kucherov.
17:43 of 2nd period - Shot by Mattias Samuelsson.
17:43 of 2nd period - Shot Misses the Net.
17:45 of 2nd period - Shot by Casey Mittelstadt.
17:45 of 2nd period - Shot Misses the Net.
18:17 of 2nd period - Shot by Kirill Kaprizov.
18:17 of 2nd period - Shot Misses the Net.
18:19 of 2nd period - Shot by Charlie McAvoy.
18:19 of 2nd period - Stopped by Aaron Dell without a rebound.
18:20 of 2nd period - Mattias Janmark wins face-off versus Pierre-Luc Dubois in Hurricanes zone.
18:36 of 2nd period - Shot by Oskar Sundqvist.
18:36 of 2nd period - Shot Misses the Net.
19:24 of 2nd period - Shot by David Krejci.
19:24 of 2nd period - Shot Misses the Net.
19:26 of 2nd period - Shot by Hampus Lindholm.
19:26 of 2nd period - Stopped by Aaron Dell with a rebound.
19:28 of 2nd period - Shot by Ilya Mikheyev.
19:28 of 2nd period - Shot Misses the Net.
19:39 of 2nd period - Icing by Mattias Samuelsson.
19:40 of 2nd period - Quinton Byfield wins face-off versus Kirill Kaprizov in Hurricanes zone.
Goals for this period are 0 for Hurricanes vs 1 for Coyotes.
Shots for this period are 3 for Hurricanes vs 8 for Coyotes.

3rd period


0:01 of 3rd period - Jack Hughes wins face-off versus Pierre-Luc Dubois in neutral zone.
1:01 of 3rd period - Shot by Mason Appleton.
1:01 of 3rd period - Stopped by Jake Allen without a rebound.
1:02 of 3rd period - Kevin Hayes wins face-off versus Quinton Byfield in Coyotes zone.
1:02 of 3rd period - Kirill Kaprizov is hit by Warren Foegele and loses puck.
1:18 of 3rd period - Kirill Kaprizov is hit by Donovan Sebrango.
1:41 of 3rd period - Shot by Kirill Kaprizov.
1:41 of 3rd period - Stopped by Aaron Dell with a rebound.
1:43 of 3rd period - Shot by Kevin Hayes.
1:43 of 3rd period - Deflect By Blake Coleman.
1:43 of 3rd period - Shot Misses the Net.
2:29 of 3rd period - Shot by Casey Mittelstadt.
2:29 of 3rd period - Deflect By Mason Appleton.
2:29 of 3rd period - Shot Misses the Net.
2:50 of 3rd period - Icing by Sean Durzi.
2:51 of 3rd period - David Krejci wins face-off versus Jack Hughes in Coyotes zone.
3:00 of 3rd period - Off-side.
3:01 of 3rd period - Pierre-Luc Dubois wins face-off versus Anthony Beauvillier in neutral zone.
3:03 of 3rd period - Off-side.
3:04 of 3rd period - Pierre-Luc Dubois wins face-off versus Alexander Barabanov in neutral zone.
3:11 of 3rd period - Shot by Pierre-Luc Dubois.
3:11 of 3rd period - Deflect By Nikita Kucherov.
3:11 of 3rd period - Stopped by Aaron Dell without a rebound.
3:12 of 3rd period - Pierre-Luc Dubois wins face-off versus Jack Hughes in Hurricanes zone.
3:15 of 3rd period - Shot by Leon Draisaitl.
3:15 of 3rd period - Shot Blocked by Jacob Bryson.
3:43 of 3rd period - Shot by Alexander Barabanov.
3:43 of 3rd period - Stopped by Jake Allen without a rebound.
3:44 of 3rd period - Casey Mittelstadt wins face-off versus Kevin Hayes in Coyotes zone.
4:55 of 3rd period - Shot by Ilya Mikheyev.
4:55 of 3rd period - Shot Misses the Net.
4:57 of 3rd period - Shot by Charlie McAvoy.
4:57 of 3rd period - Stopped by Aaron Dell without a rebound.
4:58 of 3rd period - Nikita Kucherov wins face-off versus Quinton Byfield in Hurricanes zone.
4:58 of 3rd period - Nikita Kucherov is hit by Jared McIsaac.
5:01 of 3rd period - Leon Draisaitl is hit by Jared McIsaac and loses puck.
5:04 of 3rd period - Shot by Nikita Kucherov.
5:04 of 3rd period - Shot Misses the Net.
5:06 of 3rd period - Shot by Pierre-Luc Dubois.
5:06 of 3rd period - Shot Misses the Net.
5:08 of 3rd period - Shot by Nikita Kucherov.
5:08 of 3rd period - Shot Misses the Net.
5:10 of 3rd period - Shot by Nikita Kucherov.
5:10 of 3rd period - Shot Blocked by Jared McIsaac.
5:14 of 3rd period - Shot by Nikita Kucherov.
5:14 of 3rd period - Stopped by Aaron Dell with a rebound.
5:16 of 3rd period - Shot by Brett Pesce.
5:16 of 3rd period - Shot Misses the Net.
5:18 of 3rd period - Shot by Nikita Kucherov.
5:18 of 3rd period - Shot Misses the Net.
5:24 of 3rd period - Shot by Leon Draisaitl.
5:24 of 3rd period - Stopped by Aaron Dell without a rebound.
5:25 of 3rd period - Jack Hughes wins face-off versus Ilya Mikheyev in Hurricanes zone.
5:36 of 3rd period - Shot by Alexander Barabanov.
5:36 of 3rd period - Shot Misses the Net.
6:11 of 3rd period - Icing by Cody Ceci.
6:12 of 3rd period - David Krejci wins face-off versus Casey Mittelstadt in Coyotes zone.
6:45 of 3rd period - Shot by Pierre-Luc Dubois.
6:45 of 3rd period - Deflect By Nikita Kucherov.
6:45 of 3rd period - Shot Misses the Net.
6:47 of 3rd period - Shot by Nikita Kucherov.
6:47 of 3rd period - Stopped by Aaron Dell with a rebound.
6:55 of 3rd period - Shot by Nikita Kucherov.
6:55 of 3rd period - Shot Misses the Net.
7:10 of 3rd period - Icing by Mattias Janmark.
7:11 of 3rd period - Kevin Hayes wins face-off versus Mason Appleton in Hurricanes zone.
7:22 of 3rd period - Kirill Kaprizov is hit by Jared McIsaac.
8:38 of 3rd period - Icing by Kaedan Korczak.
8:39 of 3rd period - Quinton Byfield wins face-off versus Pierre-Luc Dubois in Hurricanes zone.
8:50 of 3rd period - Shot by Nikita Kucherov.
8:50 of 3rd period - Deflect By Pierre-Luc Dubois.
8:50 of 3rd period - Stopped by Aaron Dell with a rebound.
8:53 of 3rd period - Icing by Gabriel Carlsson.
8:54 of 3rd period - Nico Sturm wins face-off versus Quinton Byfield in Hurricanes zone.
9:38 of 3rd period - Icing by Anthony Beauvillier.
9:39 of 3rd period - Pierre-Luc Dubois wins face-off versus Jack Hughes in Hurricanes zone.
10:39 of 3rd period - Shot by Kevin Hayes.
10:39 of 3rd period - Deflect By Kirill Kaprizov.
10:39 of 3rd period - Stopped by Aaron Dell without a rebound.
10:40 of 3rd period - Kevin Hayes wins face-off versus Casey Mittelstadt in Hurricanes zone.
10:54 of 3rd period - Icing by Jared McIsaac.
10:55 of 3rd period - David Krejci wins face-off versus Casey Mittelstadt in Hurricanes zone.
11:21 of 3rd period - Minor Penalty to Ilya Mikheyev for Hooking.
11:22 of 3rd period - Kevin Hayes wins face-off versus Jack Hughes in Coyotes zone.
11:35 of 3rd period - Shot by Gabriel Carlsson.
11:35 of 3rd period - Deflect By Jack Hughes.
11:35 of 3rd period - Shot Misses the Net.
11:42 of 3rd period - Icing by Jack Hughes.
11:43 of 3rd period - Kevin Hayes wins face-off versus Jack Hughes in Hurricanes zone.
13:35 of 3rd period - Shot by Pierre-Luc Dubois.
13:35 of 3rd period - Shot Misses the Net.
14:09 of 3rd period - Off-side.
14:10 of 3rd period - Nico Sturm wins face-off versus Gerald Mayhew in neutral zone.
15:49 of 3rd period - Shot by Nikita Kucherov.
15:49 of 3rd period - Shot Misses the Net.
15:59 of 3rd period - Shot by Pierre-Luc Dubois.
15:59 of 3rd period - Shot Misses the Net.
16:47 of 3rd period - Shot by Ilya Mikheyev.
16:47 of 3rd period - Stopped by Aaron Dell without a rebound.
16:48 of 3rd period - Nico Sturm wins face-off versus Jack Hughes in Hurricanes zone.
16:52 of 3rd period - Minor Penalty to Nico Sturm for Hooking.
16:53 of 3rd period - Jack Hughes wins face-off versus Kevin Hayes in Coyotes zone.
16:54 of 3rd period - Shot by Alexander Barabanov.
16:54 of 3rd period - Stopped by Jake Allen without a rebound.
16:55 of 3rd period - Kevin Hayes wins face-off versus Jack Hughes in Coyotes zone.
17:15 of 3rd period - Shot by Alexander Barabanov.
17:15 of 3rd period - Shot Blocked by Brett Pesce.
17:17 of 3rd period - Shot by Jacob Bryson.
17:17 of 3rd period - Stopped by Jake Allen without a rebound.
17:18 of 3rd period - Kevin Hayes wins face-off versus Casey Mittelstadt in Coyotes zone.
17:27 of 3rd period - Shot by Jacob Bryson.
17:27 of 3rd period - Shot Misses the Net.
17:29 of 3rd period - Shot by Mattias Samuelsson.
17:29 of 3rd period - Stopped by Jake Allen without a rebound.
17:30 of 3rd period - Jack Hughes wins face-off versus Kevin Hayes in Coyotes zone.
17:30 of 3rd period - Jack Hughes is hit by Charlie McAvoy.
19:53 of 3rd period - Icing by Jesper Fast.
19:54 of 3rd period - Nico Sturm wins face-off versus Mattias Janmark in Coyotes zone.
Goals for this period are 0 for Hurricanes vs 0 for Coyotes.
Shots for this period are 5 for Hurricanes vs 9 for Coyotes.

Overtime #1


0:01 of 1st overtime period - Leon Draisaitl wins face-off versus Jack Hughes in neutral zone.
0:12 of 1st overtime period - Shot by Leon Draisaitl.
0:12 of 1st overtime period - Deflect By Kirill Kaprizov.
0:12 of 1st overtime period - Stopped by Aaron Dell without a rebound.
0:13 of 1st overtime period - Leon Draisaitl wins face-off versus Jack Hughes in Hurricanes zone.
0:40 of 1st overtime period - Shot by Kirill Kaprizov.
0:40 of 1st overtime period - Shot Blocked by Mattias Samuelsson.
0:46 of 1st overtime period - Shot by Jack Hughes.
0:46 of 1st overtime period - Shot Misses the Net.
0:48 of 1st overtime period - Shot by Mattias Samuelsson.
0:48 of 1st overtime period - Stopped by Jake Allen without a rebound.
0:49 of 1st overtime period - Pierre-Luc Dubois wins face-off versus Casey Mittelstadt in Coyotes zone.
1:00 of 1st overtime period - Shot by Nikita Kucherov.
1:00 of 1st overtime period - Shot Misses the Net.
1:08 of 1st overtime period - Shot by Casey Mittelstadt.
1:08 of 1st overtime period - Stopped by Jake Allen with a rebound.
1:10 of 1st overtime period - Shot by Casey Mittelstadt.
1:10 of 1st overtime period - Shot Misses the Net.
1:22 of 1st overtime period - Shot by Mattias Janmark.
1:22 of 1st overtime period - Stopped by Jake Allen without a rebound.
1:23 of 1st overtime period - Jack Hughes wins face-off versus Leon Draisaitl in Coyotes zone.
1:28 of 1st overtime period - Shot by Anthony Beauvillier.
1:28 of 1st overtime period - Deflect By Jack Hughes.
1:28 of 1st overtime period - Goal by Jack Hughes - Hurricanes : 3 - Coyotes : 2.
Goals for this period are 1 for Hurricanes vs 0 for Coyotes.
Shots for this period are 4 for Hurricanes vs 1 for Coyotes.




Output by the SimonT Hockey Simulator (STHS) for Tyler Bell - Original Page W3C HTML5 Valid
Hockey Simulator - Hockey Simulation - Hockey Manager